 Dungeon Crawl Stone Soup version 0.31-a0-232-gb1c03b2570 (webtiles) character file.

Game seed: 11618835931569141717

92 qw the Shooter (level 4, -3/26 HPs)
             Began as a Gargoyle Hexslinger on July 7, 2023.
             Slain by an iguana (7 damage)
             ... on level 6 of the Dungeon.
             The game lasted 00:00:45 (1898 turns).

qw the Shooter (Gargoyle Hexslinger)                Turns: 1898, Time: 00:00:45

Health: -3/26      AC:  9    Str: 11    XL:     4   Next: 60%
Magic:  5/5        EV: 11    Int: 14    God:
Gold:   144        SH:  0    Dex: 14    Spells: 4/5 levels left

rFire   + . .        Y - +3 sling
rCold   + . .        (no shield)
rNeg    + . .        c - +1 leather armour {rPois}
rPois   inf          i - +0 helmet
rElec   +            a - scarf {rC+ rF+}
rCorr   .            g - +0 pair of gloves
SInv    +            (no boots)
Will    .....        (no amulet)
Stlth   +            f - ring of see invisible
HPRegen 0.24/turn    (no ring)
MPRegen 0.09/turn

%: no passive effects
@: no status effects
A: sickness immunity, AC +3, negative energy resistance 1, electricity
resistance, torment resistance 1, petrification resistance
a: no special abilities


You were on level 6 of the Dungeon.
You visited 1 branch of the dungeon, and saw 5 of its levels.

You collected 144 gold pieces.


Innate Abilities, Weirdness & Mutations

You are immune to sickness and miasma.
Your stone body is resilient. (AC +3)
You are immune to poison.
You resist negative energy. (rN+)
You are resistant to electric shocks. (rElec)
You are resistant to unholy torment.
You are immune to petrification.


   Skills:
 - Level 2.0 Fighting
 + Level 4.3 Ranged Weapons
 - Level 1.5 Dodging
 - Level 1.0 Spellcasting
 - Level 2.6 Hexes


You had 4 spell levels left.
You knew the following spells:

 Your Spells              Type           Power      Damage    Failure   Level
a - Slow                  Hex            32%        N/A       12%         1

Your spell library contained the following spells:

 Spells                   Type           Power      Damage    Failure   Level
 Inner Flame              Hex/Fire       4%         N/A       52%         3
 Portal Projectile        Hex/Tloc       8%         N/A       52%         3
 Cause Fear               Hex            4%         N/A       75%         4

Inventory:

Hand Weapons
 Y - a +3 sling (weapon)
Armour
 a - a scarf of resistance (worn)
 c - a +1 leather armour of poison resistance (worn)
 g - a +0 pair of gloves (worn)
 i - a +0 helmet (worn)
Jewellery
 f - a ring of see invisible (left hand)
Scrolls
 e - a scroll of identify
Potions
 b - a potion of curing {unknown}
 d - a potion of resistance {unknown}

Dungeon Overview and Level Annotations

Branches:
Dungeon (4/15)
 Temple: D:4-7

Altars:
Qazlal


Message History

Waypoint 4 assigned to D:6.
Found 5 stones.
Found a ring mail.
An iguana comes into view.
The iguana hisses angrily.
The iguana moves out of view.
You shoot a sling bullet. The sling bullet hits the iguana.
The iguana is moderately wounded.
A scorpion comes into view.
You shoot a sling bullet. The sling bullet hits the scorpion.
The scorpion is lightly wounded.
You shoot a sling bullet. The sling bullet hits the iguana.
The iguana is moderately wounded.
You shoot a sling bullet.
The sling bullet closely misses the iguana.
You shoot a sling bullet.
The sling bullet completely misses the iguana.
The sling bullet barely misses the scorpion.
The iguana completely misses you.
You shoot a sling bullet. The sling bullet hits the iguana.
The iguana is severely wounded.
The iguana barely misses you. The scorpion stings you.
You shoot a sling bullet.
The sling bullet closely misses the iguana.
The scorpion stings you. The iguana bites you!
You shoot a sling bullet. The sling bullet hits the iguana.
The iguana is almost dead.
The scorpion barely misses you. The iguana closely misses you.
The scorpion stings you.
You shoot a sling bullet.
The sling bullet hits the iguana but does no damage.
The iguana is almost dead.
The iguana barely misses you. The scorpion stings you.
You shoot a sling bullet.
The sling bullet hits the iguana but does no damage.
The iguana is almost dead.
The scorpion stings you. The iguana barely misses you.
The scorpion stings you but does no damage.
The iguana bites you!
You die...

.....# .. ## ..... #
...##.. ...## ..
....[.. ...#### ...
....... #...#.#....
.......###.........
........##.sl..##...
.........#..@.......
..........##........
..........##....####
......##..####..#
.....###..## ....
...........#.......
...................#
........###.......##
.##.............


You could see a scorpion and an iguana.

Vanquished Creatures
  An iguana (D:4)
  An adder (D:3)
  An ufetubus (D:4)
  3 endoplasms
  4 giant cockroaches
  4 hobgoblins
  4 jackals (D:2)
  6 kobolds
  2 quokkas
  6 ball pythons
  5 bats
  4 frilled lizards
  7 goblins
  2 rats (D:1)
  A spectral hobgoblin (D:2)
51 creatures vanquished.

Notes
Turn   | Place    | Note
-------+----------+-------------------------------------------
     0 | D:1      | qw the Gargoyle Hexslinger began the quest for the Orb.
     0 | D:1      | Reached XP level 1. HP: 12/12 MP: 2/2
     0 | D:1      | 0 ||| qw: Version: 0.3-a-46-gb1f654a
     0 | D:1      | 0 ||| qw: Game counter: 2310
     0 | D:1      | 0 ||| qw: Melee chars always use a shield: true
     0 | D:1      | 0 ||| qw: God list: Okawaru
     0 | D:1      | 0 ||| qw: Allow faded altars: false
     0 | D:1      | 0 ||| qw: Do Orc after clearing Dungeon:15 true
     0 | D:1      | 0 ||| qw: Do second Lair branch before Depths: true
     0 | D:1      | 0 ||| qw: Lair rune preference: random
     0 | D:1      | 0 ||| qw: Goals: Normal
     0 | D:1      | 0 ||| PLANNING D:1-11
   138 | D:1      | Reached XP level 2. HP: 16/16 MP: 3/3
   264 | D:1      | Reached skill level 3 in Ranged Weapons
   729 | D:1      | 729 ||| UPGRADING to +0 leather armour.
   739 | D:1      | 739 ||| DROPPING +0 robe.
   740 | D:1      | 740 ||| UPGRADING to ring of see invisible.
   741 | D:1      | 741 ||| READING scroll labelled KEQI BYUZI.
   742 | D:1      | 742 ||| READING scroll labelled BUSIAPYITEDU.
   743 | D:1      | 743 ||| DROPPING scroll of poison.
   821 | D:2      | Reached XP level 3. HP: 21/21 MP: 4/4
   852 | D:2      | Found a faded altar of an unknown god.
   857 | D:2      | 857 ||| Stepping ~*~*~tactically~*~*~ (water).
  1101 | D:2      | 1101 ||| UPGRADING to scarf of resistance.
  1106 | D:2      | 1106 ||| UPGRADING to +0 pair of gloves.
  1111 | D:2      | 1111 ||| READING scroll labelled SESEVEGICA.
  1112 | D:2      | 1112 ||| READING scroll labelled LEECHE GANOJ.
  1330 | D:3      | Found a stormy altar of Qazlal.
  1626 | D:3      | 1626 ||| READING scroll of enchant weapon.
  1626 | D:3      | 1626 ||| ENCHANTING +2 sling.
  1634 | D:3      | Reached XP level 4. HP: 26/26 MP: 5/5
  1713 | D:3      | 1713 ||| UPGRADING to +1 leather armour of poison
                  | resistance.
  1723 | D:3      | 1723 ||| DROPPING +0 leather armour.
  1724 | D:3      | 1724 ||| UPGRADING to +0 helmet.
  1729 | D:3      | 1729 ||| READING scroll labelled PAAGGUKOU.
  1730 | D:3      | 1730 ||| READING scroll labelled YHONEPLOSE.
  1777 | D:4      | Reached skill level 4 in Ranged Weapons
  1875 | D:4      | You fall into a shaft and drop 2 floors!
  1889 | D:6      | Noticed a scorpion
  1898 | D:6      | HP: 4/26 [scorpion (4)]
  1898 | D:6      | Slain by an iguana

Levels and vault maps discovered:
D:1:      ebering_hopf_link, layout_basic, grunt_decor_mini_mirrors
D:2:      layout_rooms, dreamdust_ecumenical_altar_drowned_temple,
          minmay_misc_feat_plants
D:3:      layout_loops_cross, mainiacjoe_overflow_six_doors_small
D:4:      layout_loops_ring, gammafunk_ghost_necromancy,
          kennysheep_generic_room_16
D:6:      layout_layer_cave, mainiacjoe_overflow_alcove_1,
          minmay_temple_entry_drinking_statues

Skill      XL: |  1  2  3  4 |
---------------+-------------+-----
Ranged Weapons | 3 4 |  4.3
Fighting       | 2 |  2.0
Dodging        | |  1.5
Spellcasting   | |  1.0
Hexes          | |  2.6

Action                     |  1- 3 |  4- 6 || total
---------------------------+-------+-------++-------
   Fire: Sling             |   115 |    40 ||   155
    Use: Scroll            |     5 |     2 ||     7
 Armour: Robe              |     5 |       ||     5
         Leather armour    |     6 |     7 ||    13
  Dodge: Dodged            |    22 |    18 ||    40

Table legend:
 A = Non-vault XP
 B = Vault XP
 C = Vault XP percentage of total XP
 D = Non-vault monster count
 E = Vault monster count
 F = Vault count percentage of total count
                 A         B        C        D         E       F
            +---------+---------+-------+---------+---------+-------
      Total |     131 |       1 |   0.8 |      50 |       1 |   2.0
            +---------+---------+-------+---------+---------+-------
        D:1 |      27 |       0 |   0.0 |      18 |       0 |   0.0
        D:2 |      29 |       1 |   3.3 |      17 |       1 |   5.6
        D:3 |      30 |       0 |   0.0 |      13 |       0 |   0.0
        D:4 |      45 |       0 |   0.0 |       2 |       0 |   0.0
            +---------+---------+-------+---------+---------+-------
